NYP
LOWELL SPINNERS @ SPOKANE INDIANS
06/24/2048
 
TOP OF THE 1ST
Lowell Spinners batting - Pitching for Spokane Indians : LHP Chris P. Bacon
Pitching: LHP Chris P. Bacon
Batting: RHB Aukukero Tairi 0-0: Called Strike
0-1: Called Strike
0-2: Ball
1-2: Strikes out swinging
Batting: RHB Xavier Joslin 0-0: Foul Ball, location: 2F
0-1: Fly out, F8 (Line Drive, 89D, EV 98.8 MPH)
Batting: SHB Salvador Padilla 0-0: Called Strike
0-1: Ball
1-1: Foul Ball, location: 2F
1-2: Foul Ball, location: 2F
1-2: Strikes out swinging
Top of the 1st over - 0 runs, 0 hits, 0 errors, 0 left on base; Lowell 0 - Spokane 0
BOTTOM OF THE 1ST
Spokane Indians batting - Pitching for Lowell Spinners : RHP Ryuhei Shimabukuro
Pitching: RHP Ryuhei Shimabukuro
Batting: RHB Danny Odom 0-0: Ball
1-0: Foul Ball, location: 2F
1-1: Foul Ball, location: 2F
1-2: Ball
2-2: Foul Ball, location: 2F
2-2: Ball
3-2: Base on Balls
Batting: RHB Josh Whitmore 0-0: Ball
1-0: Called Strike
1-1: Ball
2-1: Called Strike
2-2: Strikes out swinging
Batting: RHB Mike Thornton 0-0: Ball
1-0: Ball
2-0: Ball
Danny Odom steals 2nd base
3-0: Base on Balls
Batting: LHB Sean Gingrich 0-0: Called Strike
0-1: Ball
Wild Pitch!
Danny Odom to third
Mike Thornton to second
1-1: Ground out 4-3 (Groundball, 4, EV 79.4 MPH)
Danny Odom scores
Mike Thornton to third
Batting: RHB Dennis Daniels 0-0: Ball
1-0: Called Strike
1-1: Called Strike
1-2: Ball
2-2: Ball
3-2: SINGLE (Groundball, 56D, EV 105.0 MPH)
Mike Thornton scores
Batting: LHB Mike Sammons 0-0: Foul Ball, location: 2F
0-1: Called Strike
0-2: SINGLE (Groundball, 6D, EV 98.8 MPH)
Dennis Daniels to second
Batting: RHB Eric Garrett 0-0: Foul Ball, location: 2F
0-1: Called Strike
0-2: Foul Ball, location: 2F
0-2: Ball
1-2: Ball
2-2: DOUBLE (Line Drive, 89XD, EV 100.0 MPH)
Dennis Daniels scores
Mike Sammons to third
Runner from 3rd tries for Home, throw by CF and OUT! 8-4-2
Bottom of the 1st over - 3 runs, 3 hits, 0 errors, 1 left on base; Lowell 0 - Spokane 3
TOP OF THE 2ND
Lowell Spinners batting - Pitching for Spokane Indians : LHP Chris P. Bacon
Batting: RHB Tony Gallegos 0-0: Called Strike
0-1: Ball
1-1: Ground out 5-3 (Groundball, 56, EV 87.5 MPH)
Batting: RHB Raul Sanchez 0-0: Ground out 5-3 (Groundball, 5, EV 100.6 MPH)
Batting: RHB Mario Arriero 0-0: Called Strike
0-1: Foul Ball, location: 2F
0-2: Foul Ball, location: 2F
0-2: Foul Ball, location: 2F
0-2: Ball
1-2: Foul Ball, location: 2F
1-2: Strikes out swinging
Top of the 2nd over - 0 runs, 0 hits, 0 errors, 0 left on base; Lowell 0 - Spokane 3
BOTTOM OF THE 2ND
Spokane Indians batting - Pitching for Lowell Spinners : RHP Ryuhei Shimabukuro
Batting: RHB Rick Concha 0-0: Ball
1-0: Foul Ball, location: 2F
1-1: Ball
2-1: Called Strike
2-2: Strikes out swinging
Batting: RHB Alex Vazquez 0-0: SINGLE (Line Drive, 89S, EV 104.4 MPH)
Batting: RHB Danny Odom 0-0: Ball
Alex Vazquez steals 2nd base
1-0: Ball
2-0: Foul Ball, location: 2F
2-1: Foul Ball, location: 2F
2-2: TRIPLE (Line Drive, 89XD, EV 103.8 MPH)
Alex Vazquez scores
Batting: RHB Josh Whitmore 0-0: Ball
1-0: Ball
2-0: Ball
3-0: Base on Balls
Batting: RHB Mike Thornton 0-0: Fly out, F9 (Line Drive, 9D, EV 100.0 MPH)
Batting: LHB Sean Gingrich 0-0: Ball
1-0: Ball
2-0: Foul Ball, location: 2F
2-1: Ball
3-1: Foul Ball, location: 2F
3-2: Fly out, F7 (Flyball, 78S, EV 84.4 MPH)
Bottom of the 2nd over - 1 run, 2 hits, 0 errors, 2 left on base; Lowell 0 - Spokane 4
TOP OF THE 3RD
Lowell Spinners batting - Pitching for Spokane Indians : LHP Chris P. Bacon
Batting: RHB Willie Camacho 0-0: Ball
1-0: Called Strike
1-1: Ball
2-1: Foul Ball, location: 2F
2-2: Strikes out swinging
Batting: LHB Robert Gonzalez 0-0: Called Strike
0-1: Swinging Strike
0-2: Ball
1-2: Strikes out looking
Batting: RHB Rogelio Cervantes 0-0: Called Strike
0-1: Ball
1-1: Ball
2-1: Ball
3-1: Called Strike
3-2: SINGLE (Groundball, 6D, EV 99.4 MPH)
Batting: RHB Aukukero Tairi 0-0: Ball
1-0: Ball
2-0: Ball
3-0: Base on Balls
Rogelio Cervantes to second
Batting: RHB Xavier Joslin 0-0: Called Strike
0-1: Ball
1-1: Foul Ball, location: 2F
1-2: Strikes out swinging
Top of the 3rd over - 0 runs, 1 hit, 0 errors, 2 left on base; Lowell 0 - Spokane 4
BOTTOM OF THE 3RD
Spokane Indians batting - Pitching for Lowell Spinners : RHP Ryuhei Shimabukuro
Batting: RHB Dennis Daniels 0-0: Called Strike
0-1: Ball
1-1: Foul Ball, location: 2F
1-2: Ball
2-2: Ground out 4-3 (Groundball, P, EV 85.0 MPH)
Batting: LHB Mike Sammons 0-0: Called Strike
0-1: Ball
1-1: Ball
2-1: Foul Ball, location: 2F
2-2: Foul Ball, location: 2F
2-2: Ground out 1-3 (Groundball, 13S, EV 70.0 MPH)
Batting: RHB Eric Garrett 0-0: Ball
1-0: Ball
2-0: Ball
3-0: Called Strike
3-1: Base on Balls
Batting: RHB Rick Concha 0-0: Called Strike
0-1: Ball
1-1: Foul Ball, location: 2F
1-2: Foul Ball, location: 2F
1-2: Ball
Eric Garrett is caught stealing 2nd base 2-4
Bottom of the 3rd over - 0 runs, 0 hits, 0 errors, 0 left on base; Lowell 0 - Spokane 4
TOP OF THE 4TH
Lowell Spinners batting - Pitching for Spokane Indians : LHP Chris P. Bacon
Batting: SHB Salvador Padilla 0-0: Ball
1-0: Called Strike
1-1: Ground out 6-3 (Groundball, 6D, EV 103.1 MPH)
Batting: RHB Tony Gallegos 0-0: Swinging Strike
0-1: Ball
1-1: Ball
2-1: Ball
3-1: Base on Balls
Batting: RHB Raul Sanchez 0-0: Called Strike
0-1: Swinging Strike
0-2: Ball
1-2: Foul Ball, location: 2F
1-2: Foul Ball, location: 2F
1-2: Strikes out swinging
Batting: RHB Mario Arriero 0-0: Swinging Strike
0-1: Foul Ball, location: 2F
0-2: Foul Ball, location: 2F
0-2: Ball
1-2: Strikes out swinging
Top of the 4th over - 0 runs, 0 hits, 0 errors, 1 left on base; Lowell 0 - Spokane 4
BOTTOM OF THE 4TH
Spokane Indians batting - Pitching for Lowell Spinners : RHP Ryuhei Shimabukuro
Batting: RHB Rick Concha 0-0: Called Strike
0-1: Called Strike
0-2: Ball
1-2: Ball
2-2: Foul Ball, location: 2F
2-2: Ground out 5-3 (Groundball, 56, EV 76.9 MPH)
Batting: RHB Alex Vazquez 0-0: Ball
1-0: Ball
2-0: Swinging Strike
2-1: Foul Ball, location: 2F
2-2: Strikes out swinging
Batting: RHB Danny Odom 0-0: Called Strike
0-1: Called Strike
0-2: Ball
1-2: Foul Ball, location: 2F
1-2: Ball
2-2: Fly out, F8 (Flyball, 8RD, EV 95.6 MPH)
Bottom of the 4th over - 0 runs, 0 hits, 0 errors, 0 left on base; Lowell 0 - Spokane 4
TOP OF THE 5TH
Lowell Spinners batting - Pitching for Spokane Indians : LHP Chris P. Bacon
Batting: RHB Willie Camacho 0-0: Ball
1-0: Ball
2-0: Called Strike
2-1: Ball
3-1: Called Strike
3-2: Fly out, F7 (Flyball, 7, EV 71.9 MPH)
Batting: LHB Robert Gonzalez 0-0: Ball
1-0: Ball
2-0: Foul Ball, location: 2F
2-1: Ball
3-1: Foul Ball, location: 2F
3-2: Strikes out swinging
Batting: RHB Rogelio Cervantes 0-0: Called Strike
0-1: Ball
1-1: Called Strike
1-2: Ground out 5-3 (Groundball, 56S, EV 86.9 MPH)
Top of the 5th over - 0 runs, 0 hits, 0 errors, 0 left on base; Lowell 0 - Spokane 4
BOTTOM OF THE 5TH
Spokane Indians batting - Pitching for Lowell Spinners : RHP Ryuhei Shimabukuro
Pitching: RHP Jose Abanto
Batting: RHB Josh Whitmore 0-0: Ball
1-0: Foul Ball, location: 2F
1-1: Called Strike
1-2: Foul Ball, location: 2F
1-2: Ball
2-2: Foul Ball, location: 2F
2-2: Foul Ball, location: 2F
2-2: Foul Ball, location: 2F
2-2: Foul Ball, location: 2F
2-2: Ball
3-2: Foul Ball, location: 2F
3-2: Base on Balls
Batting: RHB Mike Thornton 0-0: Ball
1-0: Called Strike
1-1: Fielders Choice at 2nd, 6-4 (Groundball, 56, EV 86.2 MPH)
Batting: LHB Sean Gingrich 0-0: Ball
1-0: Ball
2-0: Swinging Strike
2-1: Ball
3-1: Called Strike
3-2: Fly out, F8 (Flyball, 8LXD, EV 91.9 MPH)
Batting: RHB Dennis Daniels 0-0: Called Strike
0-1: Fielders Choice at 2nd, U4 (Groundball, 6, EV 84.4 MPH)
Bottom of the 5th over - 0 runs, 0 hits, 0 errors, 1 left on base; Lowell 0 - Spokane 4
TOP OF THE 6TH
Lowell Spinners batting - Pitching for Spokane Indians : LHP Chris P. Bacon
Batting: RHB Aukukero Tairi 0-0: Foul Ball, location: 2F
0-1: Ball
1-1: TRIPLE (Flyball, 89XD, EV 100.0 MPH)
Batting: RHB Xavier Joslin 0-0: SINGLE (Groundball, 56D, EV 106.9 MPH)
Aukukero Tairi scores
Batting: SHB Salvador Padilla 0-0: Swinging Strike
0-1: Foul Ball, location: 2F
0-2: Fly out, F7 (Flyball, 7D, EV 95.0 MPH)
Batting: RHB Tony Gallegos 0-0: Foul Ball, location: 2F
0-1: Ball
1-1: DOUBLE (Line Drive, 89M, EV 101.9 MPH)
Xavier Joslin to third
Runner from 3rd tries for Home, throw by RF and OUT! 9-4-2
Tony Gallegos to third
Batting: RHB Raul Sanchez 0-0: Called Strike
0-1: Ball
1-1: Ball
2-1: Ground out 6-3 (Groundball, 56, EV 103.8 MPH)
Top of the 6th over - 1 run, 3 hits, 0 errors, 1 left on base; Lowell 1 - Spokane 4
BOTTOM OF THE 6TH
Spokane Indians batting - Pitching for Lowell Spinners : RHP Jose Abanto
Batting: LHB Mike Sammons 0-0: Ball
1-0: Called Strike
1-1: Swinging Strike
1-2: Strikes out looking
Batting: RHB Eric Garrett 0-0: Called Strike
0-1: Ball
1-1: Swinging Strike
1-2: Hit by Pitch
Batting: RHB Rick Concha 0-0: Called Strike
Eric Garrett is caught stealing 2nd base 2-4
0-1: Ball
1-1: SINGLE (Groundball, 4D, EV 95.0 MPH)
Batting: RHB Alex Vazquez 0-0: Ball
1-0: Ball
Rick Concha steals 2nd, throwing error, E2
Rick Concha to third
2-0: Ball
3-0: Called Strike
3-1: Foul Ball, location: 2F
3-2: Base on Balls
Batting: RHB Danny Odom 0-0: Ball
1-0: Ball
Wild Pitch!
Rick Concha scores
Alex Vazquez to second
2-0: Foul Ball, location: 2F
2-1: Foul Ball, location: 2F
2-2: Strikes out looking
Bottom of the 6th over - 1 run, 1 hit, 1 error, 1 left on base; Lowell 1 - Spokane 5
TOP OF THE 7TH
Lowell Spinners batting - Pitching for Spokane Indians : LHP Chris P. Bacon
Batting: RHB Mario Arriero 0-0: Foul Ball, location: 2F
0-1: Called Strike
0-2: DOUBLE (Line Drive, 9LM, EV 90.6 MPH)
Batting: RHB Willie Camacho 0-0: Ball
1-0: Called Strike
1-1: Ball
2-1: Called Strike
2-2: Ball
3-2: Foul Ball, location: 2F
3-2: Foul Ball, location: 2F
3-2: Strikes out swinging
Batting: LHB Robert Gonzalez 0-0: Called Strike
0-1: Called Strike
0-2: Strikes out swinging
Batting: RHB Rogelio Cervantes 0-0: Called Strike
0-1: Ground out 6-3 (Groundball, 6, EV 91.2 MPH)
Top of the 7th over - 0 runs, 1 hit, 0 errors, 1 left on base; Lowell 1 - Spokane 5
BOTTOM OF THE 7TH
Spokane Indians batting - Pitching for Lowell Spinners : RHP Jose Abanto
Batting: RHB Josh Whitmore 0-0: Swinging Strike
0-1: Ball
1-1: Foul Ball, location: 2F
1-2: Foul Ball, location: 2F
1-2: Ball
2-2: SINGLE (Groundball, 34D, EV 105.6 MPH)
Pitching: LHP Jose Andujar
Batting: RHB Mike Thornton 0-0: Called Strike
0-1: Reached on error, E5 (Groundball, 56S, EV 80.0 MPH)
Josh Whitmore to second
Batting: LHB Sean Gingrich 0-0: Ball
1-0: Called Strike
1-1: Foul Ball, location: 2F
1-2: Strikes out swinging
Batting: RHB Dennis Daniels 0-0: Ball
1-0: Called Strike
1-1: Ball
2-1: Ball
3-1: Swinging Strike
3-2: Base on Balls
Josh Whitmore to third
Mike Thornton to second
Batting: LHB Mike Sammons 0-0: Ball
1-0: Swinging Strike
1-1: Swinging Strike
1-2: Foul Ball, location: 2F
1-2: Ball
2-2: Ball
3-2: Strikes out swinging
Batting: RHB Eric Garrett 0-0: Ground out 5-3 (Groundball, 56, EV 103.8 MPH)
Bottom of the 7th over - 0 runs, 1 hit, 1 error, 3 left on base; Lowell 1 - Spokane 5
TOP OF THE 8TH
Lowell Spinners batting - Pitching for Spokane Indians : LHP Chris P. Bacon
Batting: RHB Aukukero Tairi 0-0: Called Strike
0-1: Fly out, F9 (Flyball, 89S, EV 91.2 MPH)
Batting: RHB Guillermo Quintero 0-0: Ball
1-0: Foul Ball, location: 2F
1-1: Ball
2-1: Ball
3-1: Swinging Strike
3-2: Strikes out swinging
Pitching: RHP Marc Duncan
Batting: SHB Salvador Padilla 0-0: Ball
1-0: Swinging Strike
1-1: Ball
2-1: Swinging Strike
2-2: Strikes out swinging
Top of the 8th over - 0 runs, 0 hits, 0 errors, 0 left on base; Lowell 1 - Spokane 5
BOTTOM OF THE 8TH
Spokane Indians batting - Pitching for Lowell Spinners : LHP Jose Andujar
Batting: RHB Rick Concha 0-0: Ball
1-0: Ball
2-0: Foul Ball, location: 2F
2-1: Ball
3-1: Base on Balls
Batting: RHB Alex Vazquez 0-0: Ball
1-0: Called Strike
1-1: Ball
2-1: Swinging Strike
2-2: Strikes out swinging
Batting: RHB Danny Odom 0-0: Called Strike
0-1: Ball
Wild Pitch!
Rick Concha to second
1-1: SINGLE (Groundball, 6MD, EV 106.9 MPH)
Rick Concha to third
Runner from 3rd tries for Home, SAFE, throw by CF to home
Batting: RHB Josh Whitmore 0-0: Called Strike
0-1: Ball
1-1: 2-RUN HOME RUN (Flyball, 7D, EV 96.2 MPH), Distance : 358 ft
Batting: RHB Mike Thornton 0-0: Ball
1-0: Called Strike
1-1: Called Strike
1-2: Strikes out swinging
Pinch Hitting: LHB Walter Vegter 0-0: Called Strike
0-1: Swinging Strike
0-2: Ball
1-2: Strikes out looking
Bottom of the 8th over - 3 runs, 2 hits, 0 errors, 0 left on base; Lowell 1 - Spokane 8
TOP OF THE 9TH
Lowell Spinners batting - Pitching for Spokane Indians : RHP Marc Duncan
Now at 1B: Jason Swisher
Now in RF: Walter Vegter
Batting: RHB Tony Gallegos 0-0: Ball
1-0: Swinging Strike
1-1: Swinging Strike
1-2: Ball
2-2: Ball
3-2: Strikes out swinging
Pinch Hitting: RHB Josiah Russell 0-0: Called Strike
0-1: Swinging Strike
0-2: Foul Ball, location: 2F
0-2: Ball
1-2: Foul Ball, location: 2F
1-2: Ball
2-2: Foul Ball, location: 2F
2-2: Strikes out looking
Pinch Hitting: RHB Curt Stallings 0-0: Foul Ball, location: 2F
0-1: Ball
1-1: Ball
2-1: Ball
3-1: Swinging Strike
3-2: Strikes out swinging
Top of the 9th over - 0 runs, 0 hits, 0 errors, 0 left on base; Lowell 1 - Spokane 8
Tuesday, March 28th , 2023 - OOTP Baseball 23.10 Build 110